 Dungeon Crawl Stone Soup version 0.28.0 (webtiles) character file.

Game seed: 8721150620730328570

23 mn3067 the Skirmisher (level 2, -3/26 HPs)
             Began as a Draconian Berserker on Feb 5, 2022.
             Was a Follower of Trog.
             Killed from afar by Sigmund (5 damage)
             ... with a magic dart
             ... on level 2 of the Dungeon.
             The game lasted 00:06:01 (1311 turns).

mn3067 the Skirmisher (Draconian Berserker)         Turns: 1311, Time: 00:06:02

Health: -3/26      AC:  4    Str: 19    XL:     2   Next: 72%
Magic:  2/2        EV: 12    Int:  7    God:    Trog [*.....]
Gold:   47         SH:  0    Dex: 10    Spells: 1/1 levels left

rFire   . . .      SeeInvis .   a - +0 spear
rCold   . . .      Faith    .   (no shield)
rNeg    . . .      Spirit   .   (armour unavailable)
rPois   .          Reflect  .   (helmet restricted)
rElec   .          Harm     .   (no cloak)
rCorr   .          Rampage  .   (no gloves)
Will    .....                   (no boots)
Stlth   +.........              (no amulet)
HPRegen 0.08/turn               (no ring)
MPRegen 0.08/turn               (no ring)

@: no status effects
A: AC +4, unfitting armour, cold-blooded
a: Renounce Religion, Berserk


You were on level 2 of the Dungeon.
You worshipped Trog.
Trog was aware of your devotion.
You visited 1 branch of the dungeon, and saw 2 of its levels.

You collected 47 gold pieces.

Inventory:

Hand Weapons
 a - a +0 spear (weapon)
 f - a +0 hunting sling
Missiles
 g - 60 stones (quivered)
Scrolls
 d - a scroll of magic mapping {unknown}
Potions
 b - 2 potions of curing {unknown}
 c - 2 potions of attraction {unknown}
 e - a potion of lignification {unknown}
 h - a potion of flight {unknown}


   Skills:
 + Level 3.6 Fighting
 + Level 3.4 Polearms
 + Level 3.0 Dodging
 + Level 0.2 Stealth


You had one spell level left.
You didn't know any spells.
Your spell library was empty.

Dungeon Overview and Level Annotations

Branches:
Dungeon (2/15)

Altars:

Shops:
D:2 ?

Annotations:
D:2 Sigmund


Innate Abilities, Weirdness & Mutations

Your plain brown scales are hard. (AC +4)
You cannot fit into any form of body armour.
You are cold-blooded and may be slowed by cold attacks.


Message History

You kill the bat!
Trog accepts your kill.
Sigmund the Dreaded comes into view.
He is wielding a +0 scythe.
The hobgoblin misses you.
You barely miss the hobgoblin. The hobgoblin barely misses you.
You hit the hobgoblin.
The hobgoblin is severely wounded.
The hobgoblin hits you.
You barely miss the hobgoblin.
The hobgoblin is severely wounded.
The hobgoblin barely misses you.
You hit the hobgoblin but do no damage.
The hobgoblin is severely wounded.
Sigmund mumbles some strange words.
Sigmund flickers and vanishes!
Deactivating autopickup; reactivate with Ctrl-A.
You hit the hobgoblin but do no damage. You tail-slap the hobgoblin.
You kill the hobgoblin!
Trog accepts your kill.
No target in view!
No target in view!
No target in view!
No target in view!
You see here a bat corpse.
No target in view!
No target in view!
A magic dart appears from out of thin air!
The magic dart hits you.
You see here a bat corpse.
No target in view!
Something hits you!
You barely miss something. You closely miss something. Something hits you!
* * * LOW HITPOINT WARNING * * *
Something hits you but does no damage.
You see here a bat corpse.
You see here a giant cockroach corpse.
A magic dart appears from out of thin air!
The magic dart hits you.
You die...

#.# #.# #.# #.# #.#
#.# #.# #.# #.# #.#
#.# # #.# #.# .#
#.#######.#####.##.
#.@..{.##..........
######..†...†.(....
########.8.8.8
#..⌠.⌠. #.8.∩.8
#..⌠.⌠. ##8.8.8
###:. ##


There were no monsters in sight!

Vanquished Creatures
  A dart slug (D:1)
  2 bats
  An endoplasm (D:1)
  A giant cockroach (D:2)
  3 goblins
  3 hobgoblins
  2 quokkas
  3 ball pythons
  A frilled lizard (D:1)
  2 rats (D:1)
19 creatures vanquished.

Vanquished Creatures (others)
  4 fungi (D:1)
  3 plants (D:1)
7 creatures vanquished.

Grand Total: 26 creatures vanquished

Notes
Turn   | Place    | Note
-------+----------+-------------------------------------------
     0 | D:1      | mn3067 the Draconian Berserker began the quest for the Orb.
     0 | D:1      | Reached XP level 1. HP: 19/19 MP: 1/1
   205 | D:1      | Reached XP level 2. HP: 22/26 MP: 2/2
   558 | D:1      | Found a faded altar of an unknown god.
  1281 | D:2      | Found Juam's Magic Scroll Shop.
  1289 | D:2      | Noticed Sigmund
  1300 | D:2      | HP: 1/26 [something (10)]
  1311 | D:2      | Killed from afar by Sigmund

Illustrated notes

Levels and vault maps discovered:
D:1:      dpeg_arrival_rooms_with_view, layout_rooms,
          shapermc_ecumenical_altar_mp_urbaneastern, dk_noncrumbling_4,
          minmay_misc_feat_encased
D:2:      layout_loops_ring, serial_shops,
          nicolae_shop_temple_entry_statues_fountains, uniq_sigmund

Skill      XL: |  1  2 |
---------------+-------+-----
Dodging        | 3 |  3.0
Fighting       | |  3.6
Polearms       | |  3.4
Stealth        | |  0.2

Action                   || total
-------------------------++-------
Melee: Spear             ||   108
       Tailslap          ||    12
 Stab: Sleeping          ||     1
Armor: Skin              ||    20
Dodge: Dodged            ||    29
